[Event "5th Vera Menchik Memorial 2022"]
[Site "Prag"]
[Date "2022.06.05"]
[Round "1.14"]
[White "Mach, Ondrej"]
[Black "Ustinov, Oleg"]
[Result "1-0"]
[ECO "E20"]
[WhiteElo "1955"]
[BlackElo "2249"]
[Annotator "TA"]
[PlyCount "67"]
[EventDate "2022.06.05"]
[EventType "tourn"]
[EventCountry "CZE"]
[SourceTitle "playchess.com"]
[Source "ChessBase"]
[SourceQuality "1"]
[TimeControl "720+3"]

1. d4 Nf6 2. c4 e6 3. Nc3 Bb4 4. f3 Bxc3+ 5. bxc3 d6 6. e4 {[%emt 0:00:37] E20: Nimzo-Indian: 4 g3 and 4 f3.} c5 7. Bd3 Nc6 {[%emt 0:01:12] Inhibits e5.} 8. Ne2 {[%emt 0:00:02] White has an edge.} e5 9. Be3 b6 10. O-O Na5 {[%emt 0:01:16] [#]} 11. Nc1 $146 ({Predecessor:} 11. Kh1 Ba6 12. Ng3 Qd7 13. Qe2 O-O-O 14. Rfb1 Qa4 15. Nf1 Bxc4 16. Nd2 Bxd3 17. Qxd3 {1-0 (60) Cai,Y (1951)-Hu,Q (1587) Changsha 2019}) 11... Ba6 12. Qe2 cxd4 13. cxd4 Rc8 (13... exd4 $14 14. Bf2 (14. Bxd4 Nc6 $14) 14... Nc6) 14. Nb3 (14. dxe5 $16 dxe5 15. c5 Bxd3 16. Nxd3 (16. Qxd3 Qxd3 17. Nxd3 Nc4 $14)) 14... Nxc4 (14... exd4 $1 $14 15. Nxd4 (15. Bxd4 Nc6 $11) 15... O-O) 15. Bg5 (15. Rfc1 $18) 15... O-O 16. dxe5 (16. f4 $16 {Black must now prevent fxe5.} Re8 17. fxe5 dxe5 18. d5) 16... dxe5 $11 17. Rfd1 (17. Rfc1 $5 b5 18. a4 $11) 17... Qe7 18. Rac1 b5 19. Bxc4 (19. Qe1 $11) 19... bxc4 $17 20. Na5 $2 {[%emt 0:00:14][%mdl 8192] [#]} (20. Nd2 $17 {is more resistant.}) 20... Qc5+ $19 21. Qf2 Qxa5 22. Rd6 Ne8 23. Rd7 f6 24. Bd2 Qxa2 25. Rxa7 c3 26. Rxc3 (26. Bxc3 {was the only defense.} Qe6 27. Bd2) 26... Rxc3 27. Bxc3 Qc4 28. Bd2 Nd6 {[%emt 0:00:58] Threatens to win with ...f5.} 29. h4 Qe2 $2 (29... f5 $19 {and Black stays clearly on top.} 30. Be3 Nc8) 30. Qg3 $2 Nf7 $2 ({Black should try} 30... Bb7 $19 31. Qf2 Qb5) 31. Bb4 (31. Bh6 $1 $15 g6 32. Bxf8 Kxf8 33. Kh2) 31... Rc8 {[%emt 0:00:00] [#] And now ...Qe3+ would win.} ({Stronger than} 31... Qe3+ 32. Qf2 Qxf2+ 33. Kxf2 $17) 32. Qg4 $2 (32. Kh2) 32... Qd1+ $2 ({Better is} 32... Qe3+ $19 33. Kh2 Qxa7) 33. Kh2 $11 {[%emt 0:00:01] Qe6 is the strong threat. The board is on fire.} Qd8 {[%emt 0:00:13][%cal Of6f5] aiming for ...f5!} 34. Rxa6 {[%emt 0:00:00][%mdl 32768] Weighted Error Value: White=0.96/Black=0.74. Loss on time!?} 1-0

[Event "5th Vera Menchik Memorial 2022"]
[Site "Prag"]
[Date "2022.06.05"]
[Round "1.16"]
[White "Hozda, Max"]
[Black "Dubansky, Bohuslav"]
[Result "0-1"]
[ECO "D32"]
[WhiteElo "1832"]
[BlackElo "2223"]
[Annotator "TA"]
[PlyCount "122"]
[EventDate "2022.06.05"]
[EventType "tourn"]
[EventCountry "CZE"]
[SourceTitle "playchess.com"]
[Source "ChessBase"]
[SourceQuality "1"]
[TimeControl "720+3"]

1. d4 d5 2. c4 e6 3. Nc3 c5 4. cxd5 exd5 5. Nf3 Nc6 6. e3 Nf6 7. Be2 Be7 8. O-O O-O 9. b3 Ne4 10. Bb2 Bf6 11. Rc1 {[%emt 0:02:10] D32: Tarrasch Defence: Sidelines and lines without g3.} cxd4 12. Nxd4 (12. Nxe4 $14 dxe4 13. Nxd4) 12... Nxd4 $11 13. exd4 {[%emt 0:00:11] Black has an edge.} Bf5 {[%emt 0:00:30] [#]} 14. a4 $146 ({Predecessor:} 14. Nxe4 dxe4 15. Ba3 Re8 16. Bb5 Re6 17. d5 Re5 18. Bc4 b5 19. Bxb5 Rxd5 20. Qe2 {0-1 (39) Vedral,O (2252)-Netusil,M (2333) Prague 2005}) 14... a6 15. b4 Re8 16. b5 h6 (16... Bg5 $5 17. f4 Nxc3 18. Bxc3 Bf6 $15) 17. Nxe4 Bxe4 18. Bd3 (18. g3 {feels hotter.} Qd6 19. Qb3 axb5 20. Qxb5 Bg5 21. Rc5) 18... Qb6 19. Bxe4 Rxe4 20. Rc5 Rd8 21. Qd2 {[%emt 0:00:26] [#]} (21. Qd3 $11 {remains equal.}) 21... Qe6 (21... Be7 $1 $17 22. a5 Qe6) 22. Rc2 (22. Qd3 $15) 22... Re8 23. Qd3 g6 24. h3 Kg7 25. bxa6 bxa6 26. Rfc1 Qd6 {[%emt 0:00:49] aiming for ...Re1+.} 27. g3 Qb6 28. Rd2 $2 ({White should try} 28. Kg2 $15) 28... Qb4 $2 (28... Bg5 $19 29. Bc3 (29. f4 $2 Re3 $19) 29... Bxd2 30. Bxd2 Re2) 29. Ra1 (29. Rc5 $15 {deserves consideration.}) 29... Re1+ $17 30. Rxe1 Rxe1+ 31. Kg2 Qxa4 {[%emt 0:00:02] 0x0.000bd5b46accdp-1022s more active pieces.} 32. Bc3 Re4 (32... Rc1 $142 33. h4 a5) 33. Qf3 Qc4 (33... Bxd4 $2 34. Bxd4+ Rxd4 35. Qc3 $18) 34. Qd3 Qxd3 35. Rxd3 {[%emt 0:00:01][%mdl 4096] Endgame KRB-KRB} Re2 36. Kf3 {[%emt 0:00:02] [#]} (36. Bd2 $142) 36... Ra2 $1 37. Bb4 a5 38. Bc5 a4 {[%emt 0:00:00] Prevents Rb3.} 39. Ke3 Bd8 40. Bb4 (40. Kf3 $142) 40... Rb2 $19 41. Bc5 Ba5 42. Ra3 Rb3+ 43. Rxb3 $2 (43. Ke2 {is the only way for White.} Rxa3 44. Bxa3) 43... axb3 {[%emt 0:00:01] KB-KB} 44. Kd3 (44. Ba3 $142 Bc3 45. Kd3) 44... Be1 45. Bd6 Bxf2 46. Kc3 f6 47. g4 b2 48. Kxb2 Bxd4+ 49. Kc2 Be5 50. Bc5 Kf7 51. Kd3 Ke6 52. Bf8 h5 53. gxh5 gxh5 54. Bh6 Kf5 55. Be3 Bb8 (55... Bd6 $142 56. Kd4 Bf4) 56. Bd2 Ba7 {[%emt 0:00:00] Black mates.} 57. Bh6 Ke5 58. Bd2 f5 59. Bg5 f4 60. Bh4 f3 61. Bg3+ Kf5 {[%emt 0:00:00] Weighted Error Value: White=0.90/Black=0.46} 0-1

[Event "5th Vera Menchik Memorial 2022"]
[Site "Prag"]
[Date "2022.06.05"]
[Round "2.1"]
[White "Bauma, Jiri"]
[Black "Plat, Vojtech"]
[Result "0-1"]
[ECO "A53"]
[WhiteElo "2135"]
[BlackElo "2547"]
[Annotator "TA"]
[PlyCount "52"]
[EventDate "2022.06.05"]
[EventType "tourn"]
[EventCountry "CZE"]
[SourceTitle "playchess.com"]
[Source "ChessBase"]
[SourceQuality "1"]
[TimeControl "720+3"]

1. e4 d6 2. d4 Nf6 3. f3 e5 4. d5 Be7 5. Be3 c6 6. c4 O-O 7. Nc3 Nbd7 8. Bd3 {[%emt 0:00:08] A53: Old Indian Defence without Nf3.} a5 9. Nge2 Nc5 10. Bc2 {[%emt 0:00:02] White is slightly better.} cxd5 11. cxd5 (11. exd5 $16 Nfd7 12. O-O) 11... b6 12. Qd2 Ba6 {[%emt 0:00:03] [#]} 13. g4 $146 ({Predecessor:} 13. O-O Nfd7 14. Rfc1 b5 15. a3 b4 16. axb4 axb4 17. Na4 b3 18. Nxc5 Nxc5 19. Bxc5 dxc5 20. Bxb3 {0-1 (25) Storey,C (2220)-Williams,S (2464) Chess.com INT 2022}) 13... Nfd7 14. O-O-O {[%emt 0:00:07] [#]} (14. Ng3 $11 {remains equal.}) 14... b5 $1 $17 15. Kb1 Rb8 (15... b4 $6 16. Na4 $11) 16. h4 (16. Nc1 $17 {keeps fighting.}) 16... b4 $19 (16... Bxh4 17. g5 b4 18. Rxh4 $16) 17. Na4 b3 ({Stronger than} 17... Bxh4 18. Nxc5 Nxc5 19. Nc1 $11) 18. axb3 Nxb3 19. Bxb3 Rxb3 20. Nec3 (20. Ng3 {is a better defense.}) 20... Qb8 {[%emt 0:00:04] ...Qb4 is the strong threat.} ({Don't do} 20... Bxh4 21. g5 Bg3 22. Rdg1 $18) 21. h5 Rc8 22. g5 Bb5 $2 {[%emt 0:00:06] [#]} (22... Qb4 $19 {and Black stays clearly on top.} 23. Rc1 Rb8) 23. g6 $2 {[%emt 0:00:26][%mdl 8192] Now White is beyond hope.} (23. Rc1 $17) 23... Bxa4 {[%emt 0:00:12] Black is clearly winning.} 24. Nxa4 Qb5 25. Rc1 Rb8 ({But not} 25... Rxc1+ $2 26. Rxc1 Qxa4 27. Rc8+ Bf8 28. gxf7+ Kxf7 29. h6 $19) 26. gxf7+ Kxf7 {[%emt 0:00:14] Weighted Error Value: White=0.86/Black=0.22 (precise)} 0-1

[Event "5th Vera Menchik Memorial 2022"]
[Site "Prag"]
[Date "2022.06.05"]
[Round "2.3"]
[White "Zima, Jan"]
[Black "Jirovsky, Milos"]
[Result "0-1"]
[ECO "B01"]
[WhiteElo "2134"]
[BlackElo "2458"]
[Annotator "TA"]
[PlyCount "108"]
[EventDate "2022.06.05"]
[EventType "tourn"]
[EventCountry "CZE"]
[SourceTitle "playchess.com"]
[Source "ChessBase"]
[SourceQuality "1"]
[TimeControl "720+3"]

1. e4 d5 2. exd5 Qxd5 3. Nc3 Qd6 4. d4 Nf6 5. Bc4 a6 6. Nge2 (6. Nf3 $14) 6... b5 {[%emt 0:00:02] 6...Qc6 is not played anymore. B01: Scandinavian Defence.} (6... Qc6 $5 7. Qd3 Qxg2 $11) 7. Bb3 Bb7 8. Bf4 Qb6 {[%emt 0:00:01] The position is equal.} 9. d5 (9. a4 $11) 9... c5 {[%emt 0:00:07] [#] aiming for ...c4.} 10. dxc6 $146 ({Predecessor:} 10. a3 c4 11. Ba2 Qc5 12. b4 Qb6 13. O-O g6 14. Qd2 Bg7 15. Rad1 O-O 16. Be3 {1-0 (40) Bitalzadeh,M (1848)-Verweij,F (1708) Haarlem 2011}) 10... Nxc6 11. Qd3 e6 12. Qh3 Na5 13. O-O Be7 14. Be3 Qc7 15. Qg3 Qxg3 16. hxg3 O-O 17. Rfd1 Rac8 18. Bf4 Nxb3 19. cxb3 Rfd8 {[%emt 0:00:02] Against Bd6} 20. Rxd8+ Rxd8 21. Rd1 Rxd1+ 22. Nxd1 Nd5 23. Bd2 f6 24. Ne3 Nb4 25. Nc1 Kf7 26. Kf1 e5 27. Ke2 Ke6 {[%emt 0:00:06] Black is more active.} 28. f3 f5 29. a3 Nd5 30. Kd3 e4+ 31. Ke2 g5 32. Nxd5 Bxd5 $17 {[%emt 0:00:06][%mdl 4096] Endgame KBB-KBN} 33. Bc3 (33. Kf2 $17 {keeps fighting.}) 33... Bd6 $19 34. Kf2 h5 35. b4 (35. Ne2 $17) 35... Be5 ({Better is} 35... e3+ $19 36. Kxe3 Bxg3) 36. Ne2 $1 $15 exf3 37. gxf3 Bxc3 38. bxc3 {[%emt 0:00:15] [#] KB-KN} Ke5 (38... Bc4 $1 $17 {[%cal Rc4e2] Threatens to win with ...Bxe2.} 39. Nd4+ Ke5) 39. Ke3 ({White should try} 39. f4+ $11 Kf6 40. Nd4) 39... h4 40. f4+ $2 {[%emt 0:00:35][%mdl 8192] Black converts the advantage convincingly.} (40. gxh4 $15 f4+ 41. Kf2 gxh4 42. Nc1) 40... gxf4+ $19 41. gxf4+ {[%emt 0:00:01] [#]} Kd6 $2 (41... Kf6 $1 $19 42. Kf2 Kg6) 42. Nd4 $2 (42. Kf2 $17) 42... Be4 {[%emt 0:00:04] Black is clearly winning.} 43. Kf2 Kd5 44. Nb3 Kc4 $1 45. Nc5 Kxc3 46. Nxe4+ fxe4 {[%emt 0:00:00] KP-KP} 47. f5 Kd2 48. f6 e3+ 49. Kg2 e2 50. f7 e1=Q {[%emt 0:00:02] ( -> ...Qg3+)} 51. f8=Q Qg3+ 52. Kf1 h3 53. Qh6+ Kc2 54. Qh7+ Qd3+ {[%emt 0:00:01] Weighted Error Value: White=0.73/Black=0.28 (precise)} 0-1

[Event "5th Vera Menchik Memorial 2022"]
[Site "Prag"]
[Date "2022.06.05"]
[Round "2.4"]
[White "Sahidi, Samir"]
[Black "Janda, Pavel"]
[Result "1-0"]
[ECO "C74"]
[WhiteElo "2459"]
[BlackElo "2089"]
[Annotator "TA"]
[PlyCount "49"]
[EventDate "2022.06.05"]
[EventType "tourn"]
[EventCountry "CZE"]
[SourceTitle "playchess.com"]
[Source "ChessBase"]
[SourceQuality "1"]
[TimeControl "720+3"]

1. e4 e5 2. Nf3 Nc6 3. Bb5 a6 4. Ba4 d6 5. c3 f5 6. exf5 Bxf5 7. O-O Bd3 8. Re1 Be7 9. Bc2 {[%emt 0:00:06] C74: Ruy Lopez: Deferred Steinitz: 5 c3 f5.} (9. Qb3 $14 b5 10. Qd5) 9... e4 (9... Bxc2 $11 10. Qxc2 Nf6) 10. Bxd3 $16 exd3 11. Qb3 {[%emt 0:00:17] [#] White is better.} b5 $146 (11... Qc8 $16) ({Predecessor:} 11... Nf6 12. Qxb7 Na5 13. Qb4 c5 14. Qa4+ Nd7 15. Qe4 Nf6 16. Qxd3 O-O 17. Qe2 Nc6 {1-0 (24) Ghysens,D (2419)-Bubenicek,M (1631) ICCF email 2018}) 12. Qd5 (12. a4 $18) 12... Qd7 $2 {[%emt 0:00:06][%mdl 8192] [#]} (12... Ne5 $16 {is a better chance.}) 13. Nd4 $18 Nxd4 14. Qxa8+ {[%emt 0:00:03] White is clearly winning.} Kf7 15. cxd4 h5 16. Nc3 Rh6 17. Qf3+ Nf6 18. Qxd3 h4 19. h3 Rg6 20. Qf3 Kg8 21. d3 d5 22. Bf4 c6 23. Be5 Bd6 24. Re2 b4 25. Na4 {[%emt 0:00:03] White took control after the opening.  Weighted Error Value: White=0.37/Black=1.32} 1-0

[Event "5th Vera Menchik Memorial 2022"]
[Site "Prag"]
[Date "2022.06.05"]
[Round "2.6"]
[White "Mladek, Richard"]
[Black "Kubikova, Hana"]
[Result "1-0"]
[ECO "E92"]
[WhiteElo "2361"]
[BlackElo "2068"]
[Annotator "TA"]
[PlyCount "75"]
[EventDate "2022.06.05"]
[EventType "tourn"]
[EventCountry "CZE"]
[SourceTitle "playchess.com"]
[Source "ChessBase"]
[SourceQuality "1"]
[TimeControl "720+3"]

1. d4 Nf6 2. c4 g6 3. Nc3 Bg7 4. e4 d6 5. Nf3 O-O 6. Be2 e5 7. Be3 Nc6 8. d5 Ne7 9. Nd2 c5 10. O-O {[%emt 0:00:20] [#] E92: King's Indian: Classical: 6 Be2 e5: 7 dxe5, 7 Be3 and Petrosian System without 7...Nbd7.} a6 $146 ({Predecessor:} 10... h5 11. f3 h4 12. a4 Nh5 13. a5 a6 14. Na4 Kh7 15. Nb6 Rb8 16. Qe1 Ng8 17. Rf2 Bh6 {0-1 (38) Suvorov,A (2353)-Manukian,A (2196) Chess.com INT 2020}) 11. a3 Bd7 12. b4 {[%emt 0:00:05] White is better.} b6 13. Rb1 Ne8 14. Qc2 f5 15. f3 {[%emt 0:00:15] White is more active.} f4 16. Bf2 g5 17. Kh1 Nf6 18. bxc5 bxc5 19. Na4 Ng6 {[%emt 0:00:56] [#]} (19... Qc7 $14) 20. Nb6 ({White should try} 20. Nxc5 $1 {[%mdl 512] And now Nb7 would win.} dxc5 21. Bxc5) 20... Rb8 21. Nxd7 Qxd7 22. Rxb8 Rxb8 23. Rb1 Qc7 24. Bd1 h5 25. Be1 g4 26. Rb3 Bf8 27. Qb2 Rxb3 28. Nxb3 Be7 {[%emt 0:00:28] [#]} ({Black should play} 28... Qb7 $14) 29. Na5 $1 $16 h4 (29... Kg7 $16) 30. Nc6 g3 $2 {[%emt 0:00:50] This costs Black the game.} (30... gxf3 $16 {is a better defense.} 31. Bxf3 h3) 31. Ba5 $18 Qc8 32. h3 (32. Qb6 $142) 32... Kf7 (32... Nd7 {was worth a try.} 33. Ba4 Kf7) 33. Qb6 {[%emt 0:00:01] Qa7 is the strong threat.} Nd7 (33... Nf8 $142 34. Na7 Qa8 35. Qxa6 Ng6) 34. Qa7 Kf8 $2 (34... Kf6 {might work better.} 35. Ba4 Ngf8) 35. Ba4 Nf6 (35... Ke8 $142 36. Nb8 Ngf8) 36. Nb8 (36. Nxe7 $142 Nxe7 37. Bc7) 36... Nxe4 $2 (36... Kg8 37. Nc6 (37. Nxa6 Nxe4 38. Qb8 Qxb8 $14) 37... Qe8 38. Qxa6 Kg7) 37. Bd7 {[%emt 0:00:08] A strong pair of Bishops.} ({Weaker is} 37. fxe4 f3 38. Nd7+ (38. Nxa6 $2 {leads to mate.} f2) 38... Kg7 39. gxf3 Qg8 $18) 37... Nf2+ 38. Kg1 {[%emt 0:00:01] Weighted Error Value: White=0.27 (precise) /Black=0.45} 1-0

[Event "5th Vera Menchik Memorial 2022"]
[Site "Prag"]
[Date "2022.06.05"]
[Round "2.7"]
[White "Bures, Jaroslav"]
[Black "Tichonov, Jiri"]
[Result "1-0"]
[ECO "A80"]
[WhiteElo "2422"]
[BlackElo "2070"]
[Annotator "TA"]
[PlyCount "45"]
[EventDate "2022.06.05"]
[EventType "tourn"]
[EventCountry "CZE"]
[SourceTitle "playchess.com"]
[Source "ChessBase"]
[SourceQuality "1"]
[TimeControl "720+3"]

1. d4 f5 2. Nc3 Nf6 3. Bg5 c6 4. e3 g6 5. h4 Bg7 6. Bd3 {[%emt 0:00:19][%cal Oh4h5] [#] A80: Dutch Defence: Unusual White second moves.} d6 $146 ({Predecessor:} 6... d5 7. Nf3 Nbd7 8. Ne2 Ne4 9. h5 Nxg5 10. Nxg5 Nf6 11. Nf4 Ne4 12. Bxe4 fxe4 13. hxg6 {1-0 (30) Waldmueller,J (1717)-Pilhoefer,L (1576) Bad Koetzting 2018}) 7. Nf3 (7. h5 $16) 7... h6 (7... Nbd7 $11) 8. Bxf6 $16 {[%emt 0:00:11] White is better.} Bxf6 9. e4 e5 10. dxe5 dxe5 11. h5 f4 12. hxg6 {[%emt 0:00:06][%cal Of3h4] [#] Black must now prevent Nh4!} Kf8 (12... Bg4 $16 {was worth a try.}) 13. Bc4 {[%emt 0:00:31] Qxd8+ is the strong threat.} Qxd1+ 14. Rxd1 {[%emt 0:00:04] aiming for Nh4.} Kg7 15. Bf7 {[%emt 0:00:51] White is much more active.} (15. Nh4 $142) 15... Bg4 16. Rd2 ({Don't do} 16. Rd6 Bxf3 17. gxf3 Na6 $14) (16. Rd3 $16) 16... Na6 {[%emt 0:00:41] [#]} (16... Bxf3 $14 17. gxf3 Na6) 17. Nh4 $1 $36 {[%emt 0:00:12][%mdl 2048] White is on the roll.} Rad8 18. f3 Bxh4+ (18... Bc8 $16 19. Nf5+ Bxf5 20. exf5 Rxd2 21. Kxd2 Nc5) 19. Rxh4 $18 {[%emt 0:00:05] Dancing on a razor blade.} Rxd2 20. Kxd2 Bc8 21. Rh5 Kf6 22. Ne2 Nc5 23. Nxf4 {[%emt 0:00:47] Weighted Error Value: White=0.12 (very precise) /Black=0.25 (precise)} 1-0

[Event "5th Vera Menchik Memorial 2022"]
[Site "Prag"]
[Date "2022.06.05"]
[Round "2.8"]
[White "Svacina, Petr"]
[Black "Varga, David"]
[Result "0-1"]
[ECO "C26"]
[WhiteElo "2030"]
[BlackElo "2323"]
[Annotator "TA"]
[PlyCount "92"]
[EventDate "2022.06.05"]
[EventType "tourn"]
[EventCountry "CZE"]
[SourceTitle "playchess.com"]
[Source "ChessBase"]
[SourceQuality "1"]
[TimeControl "720+3"]

1. e4 e5 2. Nc3 Bb4 3. Nge2 Nf6 4. g3 O-O 5. Bg2 d6 6. O-O {[%emt 0:00:10] C26: Vienna Game: 2...Nf6, sidelines .} Bg4 7. h3 Bh5 8. g4 {[%emt 0:00:58] White is slightly better.} Bg6 {[%emt 0:00:09] [#]} 9. Ng3 $146 ({Predecessor:} 9. d3 Nc6 10. f4 exf4 11. Bxf4 Re8 12. a3 Bc5+ 13. Kh2 Nd4 14. Ng3 Qd7 15. g5 {1-0 (65) Torres,C (1884)-Gobin,S (1139) Chess.com INT 2020}) 9... c6 10. d3 (10. g5 $5 ) 10... d5 (10... Ne8 $14) 11. Qe2 (11. g5 $16 Ne8 12. h4 (12. exd5 f5 $16)) 11... Re8 (11... d4 $11 {remains equal.} 12. Nb1 (12. a3 Bd6 $11) 12... h6) 12. g5 $16 Nfd7 13. h4 d4 14. Nd1 {[%emt 0:00:38] h5 is the strong threat.} f6 $1 15. Qg4 (15. c3 $11 Bc5 16. a3) 15... Bf7 (15... fxg5 $1 $15 16. hxg5 Bd6) 16. f4 exf4 17. Bxf4 Be6 18. Nf5 Bf8 19. Qg3 Na6 20. Nf2 (20. Nxd4 $16 Bc5 21. c3) 20... c5 $2 (20... Bxf5 $14 21. exf5 Nb4) 21. Ng4 Nb4 $2 (21... Kh8 22. gxf6 Nxf6) 22. Rf2 (22. Bc7 $142 Bxf5 23. Nh6+ gxh6 24. gxf6+ Bg6 25. Bxd8 Rexd8 26. h5 Nxf6 27. hxg6) 22... Rc8 23. gxf6 Nxf6 24. Bg5 $2 (24. Bh3 $18 Kh8 25. Nxf6 Qxf6 26. h5) 24... Nxg4 25. Bxd8 $18 Nxf2 26. Bg5 (26. Kxf2 Rcxd8 27. Rc1 Nxa2 $16) 26... g6 27. Nh6+ $2 (27. Qxf2 h5 28. a3) 27... Bxh6 28. Bxh6 ({But not} 28. Qxf2 $6 Bxg5 29. hxg5 Nc6) 28... Ng4 29. Bg5 Nxc2 30. Rc1 Nb4 (30... Nce3 $142 31. Bh3 Ne5) 31. Bh3 {[%emt 0:00:02] A strong pair of Bishops.} Ne5 32. Bxe6+ (32. Qxe5 $18 {[%cal Og5h6] White wants to mate with Bh6!} Bxh3 33. Qg3) 32... Rxe6 $11 33. Bf4 $2 (33. Qh3 $11 Rec6 34. Bf4 (34. Rd1 Rf8 $11) 34... Nbxd3 35. Bxe5 Nxe5 36. Qb3+ c4 37. Qb5) 33... Nexd3 $2 {[%emt 0:00:01] 0x0.00222cc6db62dp-1022s more active pieces.} (33... Nbxd3 $17 34. Rf1 Nxf4 35. Qxf4 Rce8) 34. Rf1 {[%emt 0:00:03] Threatening mate with Bh6.} Rf8 $2 (34... Rxe4 $2 35. Bg5 Ne5 36. Qb3+ Kg7 37. a3 $18) (34... Nxf4 $11 35. Qxf4 Re7) 35. Bh6 $18 Rxf1+ 36. Kxf1 {[%emt 0:00:01] Intending Qb8+ and mate.} Ne5 {[%emt 0:00:08] [#]} (36... Rxe4 $2 37. Qf3 Re1+ 38. Kg2 $18) (36... Rf6+ $2 37. Kg1 Kf7 38. Qc7+ Ke6 39. Qc8+ Ke5 40. Bg7 $18) 37. h5 $2 ({Not} 37. Qb3 Kf7 $16) (37. Qf4 $1 $18 Nd7 38. Qc7) 37... d3 $2 (37... Nxa2 $2 38. Qb3 Kf7 39. Qxb7+ Re7 40. Qd5+ Re6 41. Qxc5 Rf6+ 42. Kg2 $18) (37... Nbd3 $11 {and Black has nothing to worry.} 38. Qg5 Nf7) 38. a3 $2 (38. Qf4 $18 Nd7 39. Qc7) 38... Nbc6 39. Bf4 c4 40. hxg6 Rxg6 41. Qh4 Kg7 $2 (41... Re6 $11 {and Black is okay.}) 42. Qh5 $4 (42. Bxe5+ $18 Nxe5 43. Qe7+ Nf7 44. e5) 42... Rf6 $19 43. Qg5+ Kf7 $2 (43... Ng6 $19 44. Qh6+ Kg8) 44. Ke1 $2 {[%emt 0:00:01][%mdl 8192] [#]} (44. Qh5+ $17 Kg7 45. Qh2) 44... Nf3+ {[%emt 0:00:01] Black mates.} 45. Kd1 Nxg5 46. Bxg5 Rf2 {[%emt 0:00:01] Weighted Error Value: White=0.81/Black=1.12} 0-1

[Event "5th Vera Menchik Memorial 2022"]
[Site "Prag"]
[Date "2022.06.05"]
[Round "2.9"]
[White "Jacko, Vladimir"]
[Black "Baran, Peter"]
[Result "1-0"]
[ECO "E61"]
[WhiteElo "2379"]
[BlackElo "1879"]
[Annotator "TA"]
[PlyCount "66"]
[EventDate "2022.06.05"]
[EventType "tourn"]
[EventCountry "CZE"]
[SourceTitle "playchess.com"]
[Source "ChessBase"]
[SourceQuality "1"]
[TimeControl "720+3"]

1. d4 Nf6 2. c4 g6 3. Nc3 Bg7 4. Bg5 d6 5. Nf3 Nbd7 6. e3 O-O 7. Be2 e5 {[%emt 0:00:06] is the new trend.} 8. O-O Re8 {[%emt 0:00:20] E61: King's Indian: Early deviations for White, including Smyslov System.} 9. Qc2 h6 10. Bh4 c6 {[%emt 0:00:34] The position is equal.} 11. Rfd1 Qe7 12. h3 e4 (12... exd4 $14 13. exd4 (13. Nxd4 a5 $14) 13... b6) 13. Nd2 $16 {[%emt 0:00:09][%cal Od2e4] [#]} d5 $146 (13... g5 $16) ({Predecessor:} 13... g5 14. Bg3 Nf8 15. b4 Ng6 16. d5 cxd5 17. cxd5 Bf5 18. Nc4 Red8 19. Nb5 Ne8 {0-1 (44) Hayrapetyan,H (2503)-Kuzubov,Y (2619) Dubai 2013}) 14. cxd5 $18 g5 15. Bg3 {[%emt 0:01:16] Black must now prevent dxc6.} Nb6 (15... Nxd5 $16 16. Ndxe4 Nxc3 17. Nxc3 Nf6) 16. d6 Qe6 17. Be5 g4 18. Bxf6 ({But not} 18. Ndxe4 Nxe4 19. Bxg4 (19. Qxe4 f6 $16) 19... f5 20. Nxe4 fxg4 $18) 18... Qxf6 19. Bxg4 Bxg4 20. hxg4 Qxd6 21. Ndxe4 Qg6 22. f3 Nd5 23. Qf2 Rad8 24. Nxd5 cxd5 25. Ng3 Qe6 26. Nf5 Rc8 27. Rac1 Bf8 28. Qh4 Rc6 29. Rxc6 bxc6 30. Rc1 Qg6 31. b3 Kh7 32. Kf2 Re6 (32... Rc8 $142 33. Qh2 f6) 33. Qd8 Rf6 {[%emt 0:00:00] White took control after the opening.  Weighted Error Value: White=0.11 (very precise) /Black=0.44} 1-0

[Event "5th Vera Menchik Memorial 2022"]
[Site "Prag"]
[Date "2022.06.05"]
[Round "2.10"]
[White "Holy, Filip"]
[Black "Burdalev, Kirill"]
[Result "1/2-1/2"]
[ECO "B04"]
[WhiteElo "2066"]
[BlackElo "2381"]
[Annotator "TA"]
[PlyCount "71"]
[EventDate "2022.06.05"]
[EventType "tourn"]
[EventCountry "CZE"]
[SourceTitle "playchess.com"]
[Source "ChessBase"]
[SourceQuality "1"]
[TimeControl "720+3"]

1. e4 Nf6 2. e5 Nd5 3. d4 d6 4. Nf3 dxe5 5. Nxe5 c6 6. Be2 Bf5 {[%emt 0:00:06] B04: Alekhine's Defence: 4 Nf3.} 7. O-O Nd7 8. Nf3 e6 {[%emt 0:00:06] White is slightly better.} 9. c4 {[%emt 0:01:02] Inhibits b5.} N5f6 10. Nc3 Bd6 11. Nh4 Bg6 12. g3 Qc7 13. Be3 Rd8 {[%emt 0:00:35] [#]} 14. a3 $146 ({Predecessor:} 14. Re1 O-O 15. Nxg6 hxg6 16. c5 Be7 17. b4 b6 18. Qc2 bxc5 19. dxc5 {1-0 (62) Johansson,E (1663)-Lagergren,H (1899) ICCF email 2020}) 14... O-O 15. Nxg6 hxg6 16. b4 a6 17. Qb3 e5 18. c5 Be7 19. Rfd1 {[%emt 0:00:25] White is more active.} exd4 20. Rxd4 Ne5 21. Rad1 Rxd4 22. Rxd4 Rd8 23. Rxd8+ Qxd8 24. h3 Qd7 25. Kh2 Nd5 ({Black should try} 25... Bd8 $14) 26. Nxd5 $16 cxd5 27. Qd1 Qe6 28. Bf1 Nc4 29. Bc1 Bf6 (29... b6 $16) 30. Bg2 $18 d4 31. Bxb7 {[%emt 0:00:03] And now Kg2 would win.} Qf5 32. Kg2 {[%emt 0:00:16] Strongly threatening Qe2.} (32. Bxa6 Qxf2+ 33. Kh1 Qxg3 $17) 32... d3 {[%emt 0:00:11] [#] Inhibits Qe2.} 33. Bf3 $1 {[%emt 0:00:04] Qb3 is the strong threat.} ({Resist} 33. Bxa6 Qd5+ 34. f3 (34. Qf3 Qxf3+ 35. Kxf3 d2 $16) 34... Ne5) 33... Ne5 34. Bd2 Nc4 (34... Bg5 $16 {was called for.} 35. Bg4 Qe4+ 36. f3 Qd5 37. Bxg5 f5) 35. Bc1 {[%emt 0:00:01] aiming for Qb3. A strong pair of Bishops.} Ne5 $1 36. Bd2 $2 {[%emt 0:00:01] Weighted Error Value: White=0.17 (very precise) /Black=0.18 (very precise)} (36. Bf4 $18) 1/2-1/2